 Dungeon Crawl Stone Soup version 0.18.1-50-g88ac8fd (webtiles) character file.

66 wolfsongas the Skirmisher (level 3, -4/31 HPs)
             Began as a Centaur Fighter on May 2, 2017.
             Slain by Sigmund
             ... wielding a +0 scythe
              (8 damage)
             ... on level 3 of the Dungeon.
             The game lasted 00:08:05 (2367 turns).

wolfsongas the Skirmisher (Centaur Fighter)         Turns: 2367, Time: 00:08:05

Health: -4/31      AC:  6    Str: 24    XL:     3   Next: 96%
Magic:  3/3        EV:  6    Int:  7    God:
Gold:   76         SH:  0    Dex:  8    Spells: 0 memorised, 2 levels left

rFire  + . .     SeeInvis .     f - +1 spear
rCold  . . .     Gourm    .     j - +0 ring mail {rF+}
rNeg   . . .     Faith    .     c - +0 shield
rPois  .         Spirit   .     (no helmet)
rElec  .         Dismiss  .     (no cloak)
rCorr  .         Reflect  .     (no gloves)
SustAt .         Harm     .     (no barding)
MR     .....                    (no amulet)
Stlth  ..........               (no ring)
                                (no ring)

@: confused, mighty, very quick, not resistant to hostile enchantments,
extremely unstealthy
A: hooves 3, deformed body, speed 2, tough skin 3
a: no special abilities


You were on level 3 of the Dungeon.
You were not hungry.

You visited 1 branch of the dungeon, and saw 3 of its levels.

You collected 76 gold pieces.

Inventory:

Hand Weapons
 a - a +0 long sword
 f - a +1 spear (weapon)
 o - a cursed -1 hunting sling
Armour
 b - a +0 scale mail
 c - a +0 shield (worn)
 e - a +0 ring mail
 j - a +0 ring mail of fire resistance (worn)
Wands
 s - a wand of hasting (5/9)
Scrolls
 l - a scroll of fog
 m - a scroll of amnesia {unknown}
 r - 2 scrolls of remove curse {unknown}
Potions
 d - 2 potions of might
 i - a potion of invisibility {unknown}
 n - a potion of curing {unknown}
 p - a potion of agility
 q - a potion of mutation {unknown}
 t - a potion of magic {unknown}
Comestibles
 g - a beef jerky
 h - a meat ration
 k - 2 bread rations


   Skills:
 + Level 3.3 Fighting
 + Level 1.9 Long Blades
 + Level 0.1 Polearms
 + Level 2.7 Armour
 + Level 0.7 Dodging
 + Level 2.7 Shields


You had 2 spell levels left.
You didn't know any spells.

Dungeon Overview and Level Annotations

Branches:
Dungeon (3/15)

Altars:

Annotations:
D:3 Sigmund


Innate Abilities, Weirdness & Mutations

You have hooves in place of feet.
Armour fits poorly on your strangely shaped body.
You cover ground very quickly.
You have extremely tough skin (AC +3).


Message History

You completely miss something. Something hits you but does no damage.
You hit something. Your kick misses something. You barely miss something.
Your kick misses something. Something hits you but does no damage.
You miss something. Something hits you!
* * * LOW HITPOINT WARNING * * *
You closely miss something. You kick something.
You hear some strange, mumbled words.
A puff of flame appears from out of thin air!
The puff of flame hits you! You resist.
* * * LOW HITPOINT WARNING * * *
You closely miss something.
You hear some strange, mumbled words.
You are confused.
You completely miss something. Something hits you.
* * * LOW HITPOINT WARNING * * *
Drink which item? (? for menu, Esc to quit)
You feel very mighty all of a sudden. Something hits you!
You die...

#.# ###########
#.######.## #>....
#.........########
############.........>
... ##.#.######
###.### #.........
#.....# #.....####
#....(#######......(..
#...{@.............###
#.....###.............
#.....# #.###...<..###
####### #(# #.####.#
#.# #.# .# .$# #.# #
### #.# ### #.# #....
#.# #####


There were no monsters in sight!

Vanquished Creatures
  An adder (D:3)
  3 worms
  4 giant geckos
  An orc (D:3)
  A ball python (D:1)
  4 bats
  4 giant cockroaches
  A goblin (D:1)
  3 hobgoblins
  2 jackals (D:2)
  9 kobolds
  A quokka (D:2)
  2 giant newts
  5 rats
41 creatures vanquished.

Notes
Turn   | Place    | Note
--------------------------------------------------------------
     0 | D:1      | wolfsongas the Centaur Fighter began the quest for the Orb.
     0 | D:1      | Reached XP level 1. HP: 19/19 MP: 1/1
   603 | D:1      | Reached XP level 2. HP: 24/26 MP: 2/2
  1160 | D:2      | Reached XP level 3. HP: 15/31 MP: 3/3
  2349 | D:3      | Noticed Sigmund
  2367 | D:3      | Slain by Sigmund

Action                   || total
-------------------------++-------
Melee: Long sword        ||    60
       Kick              ||    26
       Spear             ||    89
  Use: Scroll            ||     5
       Potion            ||     1
  Eat: Bread ration      ||     1
Armor: Scale mail        ||    38
       Ring mail         ||    28
Dodge: Dodged            ||    28
Block: Shield            ||    78
